[Event "International chess holiday K21"]
[Site "Praha"]
[Date "2013.07.25"]
[Round "8"]
[White "Hánl, František"]
[Black "Vítek, Jan"]
[Result "1-0"]
[ECO "B00"]
[WhiteElo "1935"]
[BlackElo "1824"]
[Annotator "Koller,Martin"]
[PlyCount "71"]
[TimeControl "240+2"]

1. e4 b6 2. d4 Bb7 3. Nc3 e6 4. f4 Bb4 5. Bd3 Nf6 6. Qe2 d5 7. e5 Ne4
8. Bd2 Qh4+ 9. g3 Nxg3 10. Qf2 Nf5 11. Bxf5 Qxf2+ 12. Kxf2 exf5 13. Nf3 c5 14.
Nb5 Bxd2 15. Nd6+ Ke7 16. Nxd2 Bc6 17. Nxf5+ Kf8 18. c3 Nd7 19. Nf3 g6 20. Nd6
f6 21. Rae1 fxe5 22. fxe5 Kg7 23. Ng5 Nf8 24. Kg3 h6 25. Ngf7 Rh7 26. e6 Be8
27. Rhf1 Kg8 28. Nxe8 Rxe8 29. Nd6 Ree7 30. Nc8 Rc7 31. e7 Rxc8 32. e8=Q Rxe8
33. Rxe8 Rf7 34. Rxf7 Kxf7 35. Ra8 a5 36. dxc5 1-0

[Event "International chess holiday K21"]
[Site "Praha"]
[Date "2013.07.25"]
[Round "8"]
[White "Schoenmakers, Nico"]
[Black "Schulz, Gerd"]
[Result "1/2-1/2"]
[ECO "B59"]
[WhiteElo "1916"]
[BlackElo "2053"]
[Annotator "Koller,Martin"]
[PlyCount "57"]
[TimeControl "240+2"]

1. e4 c5 2. Nf3 Nc6 3. d4 cxd4 4. Nxd4 Nf6 5. Nc3 d6 6. Be2 e5 7. Nb3
Be7 8. Be3 a5 9. a4 Be6 10. O-O O-O 11. f3 Nb4 12. Nc1 d5 13. Nxd5 Nfxd5 14.
exd5 Nxd5 15. Bf2 Qc7 16. Nd3 Rfd8 17. Qc1 Rac8 18. c3 Bf5 19. Rd1 Bxd3 20.
Bxd3 Nf4 21. Bf1 Bc5 22. Qc2 Qb6 23. Bb5 Bxf2+ 24. Qxf2 Qg6 25. Kh1 Rd6 26. g3
Nh3 27. Qe2 Rcd8 28. Rxd6 Qxd6 29. Re1 1/2-1/2

[Event "International chess holiday K21"]
[Site "Praha"]
[Date "2013.07.25"]
[Round "8"]
[White "Rüll, Michael"]
[Black "Schimmer, Michael"]
[Result "1/2-1/2"]
[ECO "A48"]
[WhiteElo "1829"]
[BlackElo "1938"]
[Annotator "Koller,Martin"]
[PlyCount "83"]
[TimeControl "240+2"]

1. d4 Nf6 2. Nf3 c5 3. c3 g6 4. Bf4 Bg7 5. e3 cxd4 6. exd4 O-O 7. Nbd2
d5 8. Be2 Nc6 9. h3 Nd7 10. O-O a6 11. Re1 b5 12. a3 Bb7 13. Nb3 Na5 14. Nxa5
Qxa5 15. Qd2 Rac8 16. Bh6 Qc7 17. Bxg7 Kxg7 18. Ng5 Nf6 19. Bg4 Rce8 20. Be6
Bc8 21. Bxc8 Qxc8 22. Re3 h6 23. Nf3 Ne4 24. Qe2 Qc4 25. Ne5 Qxe2 26. Rxe2 Rc8
27. Nd7 Rfd8 28. Nb6 Rc6 29. Nxd5 Rxd5 30. Rxe4 e6 31. Rae1 Rdd6 32. Re5 h5 33.
Rc5 Rb6 34. g4 hxg4 35. hxg4 Rb8 36. Kg2 f6 37. Rh1 Rf8 38. Rc7+ Rf7 39. Rh7+
Kxh7 40. Rxf7+ Kh6 41. f4 e5 42. Rxf6 1/2-1/2

[Event "International chess holiday K21"]
[Site "Praha"]
[Date "2013.07.25"]
[Round "8"]
[White "Thomasson, Staffan"]
[Black "Muzikáø, Martin"]
[Result "1-0"]
[ECO "D35"]
[WhiteElo "1908"]
[BlackElo "1871"]
[Annotator "Koller,Martin"]
[PlyCount "63"]
[TimeControl "240+2"]

1. d4 d5 2. Nf3 Nf6 3. c4 e6 4. Bg5 Nbd7 5. Nc3 c6 6. cxd5 exd5 7. e3
Bd6 8. Bd3 O-O 9. O-O Re8 10. Re1 h6 11. Bh4 Qc7 12. Rc1 a6 13. e4 Bf4 14. Rc2
g5 15. e5 gxh4 16. exf6 Rxe1+ 17. Qxe1 Nxf6 18. Nxh4 Bxh2+ 19. Kh1 Bd6 20. Re2
Be6 21. Rxe6 fxe6 22. Qxe6+ Qf7 23. Qxd6 Re8 24. Qg3+ Qg7 25. Bg6 Re1+ 26. Kh2
Kf8 27. Nf5 Qd7 28. Qf4 h5 29. f3 Kg8 30. Qg5 Qc7+ 31. g3 Nh7 32. Bf7+ 1-0

[Event "International chess holiday K21"]
[Site "Praha"]
[Date "2013.07.28"]
[Round "9"]
[White "Schulz, Gert"]
[Black "Rüll, Michael"]
[Result "1-0"]
[ECO "E94"]
[WhiteElo "2053"]
[BlackElo "1829"]
[Annotator "Koller,Martin"]
[PlyCount "53"]
[TimeControl "240+2"]

1. d4 Nf6 2. c4 d6 3. Nf3 g6 4. Nc3 Nbd7 5. e4 e5 6. Be3 Bg7 7. Be2 O-O
8. O-O h6 9. h3 Nh5 10. Qd2 Kh7 11. Rad1 c6 12. dxe5 dxe5 13. g3 Qe8 14. Nh4
Ndf6 15. Kg2 Be6 16. Nf3 Qc8 17. Rh1 Rd8 18. Qxd8 Qxd8 19. Rxd8 Rxd8 20. Bxa7
Nd7 21. Be3 f5 22. Rd1 Nhf6 23. exf5 gxf5 24. Nxe5 Ne4 25. Nxe4 Bxe5 26. Nc5
Bd5+ 27. cxd5 1-0

[Event "International chess holiday K21"]
[Site "Praha"]
[Date "2013.07.28"]
[Round "9"]
[White "Schimmer, Michael"]
[Black "Hánl, František"]
[Result "0-1"]
[ECO "B18"]
[WhiteElo "1838"]
[BlackElo "1918"]
[Annotator "Koller,Martin"]
[PlyCount "67"]
[TimeControl "240+2"]

1. e4 c6 2. d4 d5 3. Nd2 dxe4 4. Nxe4 Bf5 5. Ng3 Bg6 6. h4 h6 7. Bc4 e6
8. N1e2 Bd6 9. Nf4 Bxf4 10. Bxf4 Nd7 11. Qe2 Ngf6 12. O-O-O Nd5 13. Bd2 N7b6
14. h5 Bh7 15. Bd3 Bxd3 16. Qxd3 Qe7 17. f4 O-O-O 18. f5 Nc7 19. Rhe1 c5 20.
Qa3 Rxd4 21. Qxa7 Nc4 22. Ne4 Nxd2 23. Nxc5 Rb4 24. Rxd2 Rd8 25. Rxd8+ Qxd8 26.
Rd1 Qf6 27. c3 Qg5+ 28. Rd2 Rxb2 29. Kxb2 Qxd2+ 30. Kb3 Qd1+ 31. Kb2 Qe2+ 32.
Kb1 Qf1+ 33. Kb2 Qxg2+ 34. Ka3 0-1

[Event "International chess holiday K21"]
[Site "Praha"]
[Date "2013.07.28"]
[Round "9"]
[White "Rothmann, Peter"]
[Black "Schoenmakers, Nico"]
[Result "1-0"]
[ECO "D46"]
[WhiteElo "2173"]
[BlackElo "1916"]
[Annotator "Koller,Martin"]
[PlyCount "67"]
[TimeControl "240+2"]

1. d4 d5 2. c4 e6 3. Nc3 c6 4. e3 Nf6 5. Nf3 Nbd7 6.
Bd3 Be7 7. b3 dxc4 8. bxc4 c5 9. O-O O-O 10. Bb2 b6 11. Qc2 h6 12. Rad1 Qc7 13.
d5 exd5 14. cxd5 Bb7 15. e4 a6 16. Rfe1 Bd6 17. a4 Ng4 18. h3 Nge5 19. Nxe5
Bxe5 20. Bf1 Rad8 21. g3 Bd4 22. Bg2 Bc8 23. a5 b5 24. Nxb5 Bxf2+ 25. Qxf2 axb5
26. e5 Qxa5 27. Re4 c4 28. Ra1 Qb6 29. Bd4 Qg6 30. Rg4 Qd3 31. Be4 Qb3 32. Bc2
Qb4 33. Qf5 Nf6 34. Rxg7+ 1-0

[Event "International chess holiday K21"]
[Site "Praha"]
[Date "2013.07.28"]
[Round "9"]
[White "Vítek, Jan"]
[Black "Thomasson, Staffan"]
[Result "1/2-1/2"]
[ECO "A03"]
[WhiteElo "1824"]
[BlackElo "1908"]
[Annotator "Koller,Martin"]
[PlyCount "29"]
[TimeControl "240+2"]

1. f4 d5 2. Nf3 g6 3. e3 Bg7 4. d4 Nh6 5. Be2 Bf5 6. Nc3 Nc6 7. Ne5 Nb4
8. Nd3 Nxd3+ 9. Bxd3 O-O 10. Bxf5 Nxf5 11. g4 Nh4 12. O-O c5 13. f5 Qd7 14.
dxc5 d4 15. e4 1/2-1/2

[Event "International chess holiday K21"]
[Site "Praha"]
[Date "2013.07.28"]
[Round "9"]
[White "Muzikáø, Martin"]
[Black "Franìk, Jan"]
[Result "1/2-1/2"]
[ECO "C25"]
[WhiteElo "1871"]
[BlackElo "1955"]
[Annotator "Koller,Martin"]
[PlyCount "24"]
[TimeControl "240+2"]

1. e4 e5 2. Nc3 Bc5 3. Bc4 d6 4. Na4 Nf6 5. Nxc5 dxc5 6. d3 Nc6 7. a3
Bg4 8. Ne2 Qe7 9. O-O O-O-O 10. f3 Bh5 11. Ng3 Bg6 12. c3 Na5 1/2-1/2

[Event "International chess holiday M31"]
[Site "Praha"]
[Date "2013.07.28"]
[Round "1"]
[White "Staufenberger, Bernd"]
[Black "Hansch, Stephan"]
[Result "0-1"]
[ECO "B91"]
[WhiteElo "2062"]
[BlackElo "1980"]
[Annotator "Koller,Martin"]
[PlyCount "52"]
[TimeControl "240+2"]

1. e4 c5 2. Nf3 d6 3. d4 cxd4 4. Nxd4 Nf6 5. Nc3 a6 6. g3 e5 7. Nde2
Be6 8. Bg2 Be7 9. O-O Nbd7 10. h3 h5 11. Be3 Nb6 12. b3 Rc8 13. Nd5 Nbxd5 14.
exd5 Bf5 15. c4 Qd7 16. h4 Ng4 17. Qd2 O-O 18. Rac1 Nxe3 19. Qxe3 Bg6 20. f4
Bf6 21. Qf2 Bd3 22. Rfe1 Bxe2 23. Rxe2 exf4 24. Qxf4 Be5 25. Qf3 Qg4 26. Kh2
Qxh4+ 0-1

[Event "International chess holiday M31"]
[Site "Praha"]
[Date "2013.07.28"]
[Round "1"]
[White "Ljuboschiz, Alexandr"]
[Black "Rut, Vojtìch"]
[Result "1/2-1/2"]
[ECO "B43"]
[WhiteElo "2167"]
[BlackElo "2105"]
[Annotator "Koller,Martin"]
[PlyCount "86"]
[TimeControl "240+2"]

1. e4 c5 2. Nf3 e6 3. Nc3 a6 4. d4 cxd4 5. Nxd4 Qc7 6. Bd3 Bc5 7. Be3
Nc6 8. Nxe6 fxe6 9. Bxc5 Nf6 10. O-O b6 11. Be3 Ne5 12. h3 O-O 13. f4 Nc4 14.
Bxc4 Qxc4 15. Qd3 Qc6 16. e5 Bb7 17. Rf2 Nh5 18. Qd6 Qxd6 19. exd6 b5 20. g4
Nf6 21. Bd4 Rac8 22. a3 Rc4 23. Be5 Ne4 24. Nxe4 Bxe4 25. c3 a5 26. Rd2 a4 27.
Rad1 Bf3 28. Re1 Bc6 29. Kh2 h6 30. Rf2 Re4 31. Rxe4 Bxe4 32. Kg3 Kh7 33. Rd2
g5 34. Rd4 gxf4+ 35. Bxf4 Bd5 36. Rd2 Kg6 37. Re2 h5 38. gxh5+ Kxh5 39. Re5+
Rf5 40. Rxf5+ exf5 41. h4 Be4 42. Bg5 Bc2 43. Kf4 Be4 1/2-1/2

[Event "International chess holiday M31"]
[Site "Praha"]
[Date "2013.07.28"]
[Round "1"]
[White "Hansch, Karsten"]
[Black "Spindler, Markus"]
[Result "1-0"]
[ECO "A10"]
[WhiteElo "2141"]
[BlackElo "2067"]
[Annotator "Koller,Martin"]
[PlyCount "30"]
[TimeControl "240+2"]

1. c4 f5 2. g3 Nf6 3. Bg2 e6 4. Nf3 Be7 5. O-O O-O 6. d3 d5 7. a3 dxc4
8. dxc4 Qxd1 9. Rxd1 Nc6 10. Bf4 Rd8 11. Nc3 Bd6 12. Ne5 Bd7 13. Nxc6 Bxc6 14.
b4 Be8 15. c5 neèitelné 1-0

[Event "International chess holiday M31"]
[Site "Praha"]
[Date "2013.07.28"]
[Round "1"]
[White "Knechtel, Roland"]
[Black "Gregor, Jiøí"]
[Result "0-1"]
[ECO "D15"]
[WhiteElo "2221"]
[BlackElo "2276"]
[Annotator "Koller,Martin"]
[PlyCount "83"]
[TimeControl "240+2"]

1. c4 c6 2. d4 d5 3. Nc3 Nf6 4. Nf3 a6 5. Bf4 e6 6. e3 Nbd7 7. Qc2 Be7
8. cxd5 exd5 9. Bd3 O-O 10. O-O Re8 11. Rab1 h6 12. Rfc1 Bf8 13. h3 b5 14. a3
Bb7 15. e4 c5 16. e5 Nh5 17. Bh2 g6 18. Re1 Ng7 19. dxc5 Nxc5 20. Nd4 Rc8 21.
Qd2 Qb6 22. Bf4 Nh5 23. Bh2 Rcd8 24. Rbd1 Ne4 25. Bxe4 dxe4 26. Nxe4 Rd5 27.
Qe3 Bg7 28. Nc3 Rdxe5 29. Bxe5 Rxe5 30. Qxe5 Bxe5 31. Rxe5 Nf4 32. f3 Qf6 33.
Re8+ Kg7 34. Kh2 Nh5 35. Nde2 Qb6 36. Ne4 Bxe4 37. Rxe4 Qc7+ 38. Kg1 Qc2 39.
Rd7 Nf6 40. Rde7 Nxe4 41. Rxe4 Qxb2 42. Nf4 0-1

[Event "International chess holiday M31"]
[Site "Praha"]
[Date "2013.07.28"]
[Round "1"]
[White "Hanko, Pavol"]
[Black "Chladný, Roman"]
[Result "1-0"]
[ECO "E94"]
[WhiteElo "2154"]
[BlackElo "2088"]
[Annotator "Koller,Martin"]
[PlyCount "67"]
[TimeControl "240+2"]

1. d4 Nf6 2. Nf3 g6 3. c4 Bg7 4. Nc3 O-O 5. e4 d6 6.
Be2 e5 7. Be3 c6 8. O-O exd4 9. Nxd4 Re8 10. Bf3 Nbd7 11. h3 Ne5 12. Be2 d5 13.
cxd5 cxd5 14. exd5 a6 15. Nf3 b5 16. Nxe5 Rxe5 17. Bf3 b4 18. Na4 Bb7 19. Bd4
Rf5 20. Nb6 Rb8 21. g4 Rxf3 22. Qxf3 Nxd5 23. Bxg7 Nxb6 24. Qf6 Qd5 25. f3 Nd7
26. Qd4 Rc8 27. Rad1 Qxd4+ 28. Bxd4 Nf8 29. Rd2 Ne6 30. Be3 Rc4 31. Kf2 Kg7 32.
h4 h6 33. Kg3 a5 34. f4 1-0

[Event "International chess holiday M31"]
[Site "Praha"]
[Date "2013.07.28"]
[Round "2"]
[White "Hanko, Pavol"]
[Black "Hansch, Karsten"]
[Result "0-1"]
[ECO "E92"]
[WhiteElo "2154"]
[BlackElo "2141"]
[Annotator "Koller,Martin"]
[PlyCount "65"]
[TimeControl "240+2"]

1. d4 Nf6 2. Nf3 g6 3. c4 Bg7 4. Nc3 O-O 5. e4 d6 6. Be2 e5 7. Be3 Ng4
8. Bg5 f6 9. Bc1 f5 10. h3 Nxf2 11. Kxf2 fxe4 12. dxe5 exf3 13. Bxf3 Bxe5 14.
h4 c6 15. Be3 Bf5 16. Qd2 Na6 17. Rag1 Nc5 18. Ke2 Qa5 19. h5 Rae8 20. hxg6
Bxg6 21. Rh4 Nd3 22. Rg4 Nxb2 23. Rc1 Nxc4 24. Rxc4 Qa6 25. Nd5 cxd5 26. Bxd5+
Kh8 27. Kd1 Rf1+ 28. Ke2 Rxc1 29. Qxc1 Bd4 30. Kd1 Rxe3 31. Rc8+ Kg7 32. Bc4
Bh5+ 33. Kd2 0-1

[Event "International chess holiday M31"]
[Site "Praha"]
[Date "2013.07.28"]
[Round "2"]
[White "Chladný, Roman"]
[Black "Hansch, Stephan"]
[Result "1-0"]
[ECO "B89"]
[WhiteElo "2088"]
[BlackElo "1980"]
[Annotator "Koller,Martin"]
[PlyCount "43"]
[TimeControl "240+2"]

1. e4 c5 2. Nf3 d6 3. d4 cxd4 4. Nxd4 Nf6 5. Nc3 a6 6. Bc4 e6 7. Bb3
Nc6 8. Be3 Be7 9. Qe2 Qc7 10. O-O-O O-O 11. g4 Nxd4 12. Rxd4 b5 13. g5 Nd7 14.
Rg1 Nc5 15. Qh5 Nxb3+ 16. axb3 e5 17. Nd5 Qd8 18. Rdd1 f5 19. g6 hxg6 20. Rxg6
Rf7 21. Rdg1 f4 22. Rh6 1-0

[Event "International chess holiday M31"]
[Site "Praha"]
[Date "2013.07.28"]
[Round "2"]
[White "Gregor, Jiøí"]
[Black "Ljuboschiz, Alexander"]
[Result "0-1"]
[ECO "E81"]
[WhiteElo "2276"]
[BlackElo "2167"]
[Annotator "Koller,Martin"]
[PlyCount "91"]
[TimeControl "240+2"]

1. d4 Nf6 2. c4 g6 3. Nc3 Bg7 4. e4 d6 5. f3 O-O 6. Be3 Nbd7 7. Qd2 c5
8. Nge2 a6 9. Nc1 cxd4 10. Bxd4 Ne5 11. Nb3 Nc6 12. Be3 Na5 13. Nd4 Bd7 14. Rc1
Re8 15. b3 Nc6 16. Be2 Nxd4 17. Bxd4 Qa5 18. O-O b5 19. Rfd1 b4 20. Bxf6 Bxf6
21. Nd5 Qc5+ 22. Kh1 Kg7 23. Qxb4 Qxb4 24. Nxb4 a5 25. Nd5 Bc6 26. Nxf6 Kxf6
27. Kg1 Red8 28. Kf2 e6 29. Rd2 Rdb8 30. Rc3 Ke7 31. Ke3 f5 32. exf5 gxf5 33.
g3 h5 34. c5 d5 35. f4 Kf6 36. Bxh5 e5 37. fxe5+ Kxe5 38. Rcd3 Rb4 39. Bf3 d4+
40. Kf2 Be4 41. Re2 Kd5 42. g4 Rh8 43. Kg3 Bxf3 44. Rxf3 fxg4 45. Rf7 Kc6 46.
Re6+ 0-1

[Event "International chess holiday M31"]
[Site "Praha"]
[Date "2013.07.28"]
[Round "2"]
[White "Spindler, Markus"]
[Black "Knechtel, Roland"]
[Result "0-1"]
[ECO "B08"]
[WhiteElo "2067"]
[BlackElo "2221"]
[Annotator "Koller,Martin"]
[PlyCount "93"]
[TimeControl "240+2"]

1. e4 g6 2. d4 Bg7 3. Nc3 c6 4. Nf3 d6 5. Be2 Qc7 6. O-O Nd7 7. Be3
Ngf6 8. h3 O-O 9. Qd2 Re8 10. a4 a5 11. Rab1 Nf8 12. b4 axb4 13. Rxb4 N6d7 14.
Rfb1 e5 15. d5 f5 16. dxc6 bxc6 17. exf5 gxf5 18. Bh6 Nf6 19. Bxg7 Kxg7 20.
Qg5+ Ng6 21. Nh4 Qd7 22. Nxg6 hxg6 23. Rh4 Rg8 24. Rh6 Kf7 25. h4 Qe7 26. h5
Nxh5 27. Qxe7+ Kxe7 28. Bxh5 gxh5 29. Rxh5 d5 30. Ra1 d4 31. Ne2 c5 32. Ng3 Kf6
33. Rb1 Ra6 34. Rb8 Kg6 35. Rxf5 Bxf5 36. Rxg8+ Kf7 37. Rg5 Bxc2 38. Rxe5 c4
39. Rd5 d3 40. Ne4 Rxa4 41. Rd7+ Kg6 42. f3 Ra2 43. Kf1 Kf5 44. Ke1 Kf4 45. Nc5
Ke3 46. Re7+ Kd4 47. Ne4 0-1

[Event "International chess holiday M31"]
[Site "Praha"]
[Date "2013.07.28"]
[Round "2"]
[White "Rùt, Vojtìch"]
[Black "Staufenberger, Bernd"]
[Result "1-0"]
[ECO "E01"]
[WhiteElo "2105"]
[BlackElo "2062"]
[Annotator "Koller,Martin"]
[PlyCount "76"]
[TimeControl "240+2"]

1. d4 d5 2. c4 e6 3. Nf3 Nf6 4. g3 c5 5. cxd5 Nxd5 6. Bg2 Nc6 7. O-O
cxd4 8. Nxd4 Be7 9. Nxc6 bxc6 10. e4 Nb4 11. Qa4 Qb6 12. Be3 Qa6 13. Qb3 O-O
14. Rd1 c5 15. Na3 e5 16. Qc3 Be6 17. Qxe5 Rfc8 18. Bf1 Qc6 19. Nc4 Nc2 20.
Rac1 Nxe3 21. Nxe3 Bf6 22. Qf4 Bxb2 23. Rc2 Bf6 24. e5 Be7 25. Bg2 Qb5 26. Bxa8
Rxa8 27. Nf5 Bf8 28. h4 Rb8 29. Nd6 Qc6 30. Rdc1 Bh3 31. Qe4 Qxe4 32. Nxe4 Bf5
33. Rc4 Rb2 34. a4 Be6 35. R4c2 Rxc2 36. Rxc2 Bf5 37. Rc4 Be6 38. Rc2 c4 1-0

[Event "International chess holiday M31"]
[Site "Praha"]
[Date "2013.07.29"]
[Round "3"]
[White "Hansch, Karsten"]
[Black "Chladný, Roman"]
[Result "1-0"]
[ECO "E72"]
[WhiteElo "2141"]
[BlackElo "2088"]
[Annotator "Koller,Martin"]
[PlyCount "71"]
[TimeControl "240+2"]

1. c4 Nf6 2. g3 g6 3. Bg2 Bg7 4. Nc3 O-O 5. e4 d6 6. Nge2 e5 7. O-O c6
8. d4 Nbd7 9. h3 Re8 10. d5 cxd5 11. cxd5 a5 12. Be3 b6 13. a3 Ba6 14. b4 axb4
15. axb4 Bc4 16. Qd2 b5 17. Rfc1 Qb8 18. Rxa8 Qxa8 19. Qb2 Qb7 20. Ra1 Ra8 21.
Nc1 Ne8 22. Rxa8 Qxa8 23. Nb3 Bxb3 24. Qxb3 Qa1+ 25. Bf1 Nc7 26. Kg2 Nf6 27.
Qc2 h5 28. Nxb5 Nxb5 29. Bxb5 Kh7 30. Bd3 Bh6 31. Qc7 Bxe3 32. Qxf7+ Kh6 33.
Qxf6 Qb2 34. Qh8+ Kg5 35. h4+ Kg4 36. Qc8# 1-0

[Event "International chess holiday M31"]
[Site "Praha"]
[Date "2013.07.29"]
[Round "3"]
[White "Ljuboschiz, Alexander"]
[Black "Spindler, Markus"]
[Result "1/2-1/2"]
[ECO "C54"]
[WhiteElo "2167"]
[BlackElo "2067"]
[Annotator "Koller,Martin"]
[PlyCount "66"]
[TimeControl "240+2"]

1. e4 e5 2. Nf3 Nc6 3. Bc4 Bc5 4. c3 Nf6 5. d3 d6 6. Bb3 O-O 7. Nbd2
Be6 8. O-O Bb6 9. Nc4 h6 10. Re1 Bxc4 11. Bxc4 Na5 12. Bb5 a6 13. Ba4 Ba7 14.
d4 b5 15. Bc2 Nc6 16. a4 Re8 17. h3 Qb8 18. axb5 axb5 19. Be3 exd4 20. cxd4 Nb4
21. e5 Nxc2 22. Qxc2 Nd5 23. exd6 cxd6 24. Qb3 Qb7 25. Ra5 Nc7 26. Qb4 Rad8 27.
Raa1 Bb6 28. Qb3 Qd5 29. Qd3 Ra8 30. Rac1 Ne6 31. Ra1 Nc7 32. Rac1 Ne6 33. Ra1
Nc7 1/2-1/2

[Event "International chess holiday M31"]
[Site "Praha"]
[Date "2013.07.29"]
[Round "3"]
[White "Knechtel, Roland"]
[Black "Hanko, Pavol"]
[Result "0-1"]
[ECO "E61"]
[WhiteElo "2221"]
[BlackElo "2154"]
[Annotator "Koller,Martin"]
[PlyCount "76"]
[TimeControl "240+2"]

1. d4 Nf6 2. c4 g6 3. Nc3 Bg7 4. Bg5 d6 5. e3 h6 6. Bh4 O-O 7. Be2 Nc6
8. Nf3 g5 9. Bg3 Nh5 10. Qc2 f5 11. Nd2 Nxg3 12. hxg3 e5 13. dxe5 Nxe5 14. Nb3
f4 15. gxf4 gxf4 16. exf4 Rxf4 17. Nd5 Rf8 18. Rh5 Ng4 19. f3 Nf6 20. Nxf6+
Qxf6 21. O-O-O Bf5 22. Bd3 Bxd3 23. Rxd3 Rae8 24. Rh1 Re7 25. Nd2 Re2 26. g4
Rfe8 27. Qb3 b6 28. Rh5 Kh8 29. Rf5 Qh4 30. Qa4 Qe1+ 31. Kc2 Bxb2 32. Qxe8+
Rxe8 33. Kxb2 Re5 34. Rf7 Re7 35. Rf5 Re2 36. Kc2 Qa1 37. Ra3 Qd4 38. Rd3 Qxc4+
0-1

[Event "International chess holiday M31"]
[Site "Praha"]
[Date "2013.07.29"]
[Round "3"]
[White "Staufenberger, Bernd"]
[Black "Gregor, Jiøí"]
[Result "0-1"]
[ECO "B80"]
[WhiteElo "2062"]
[BlackElo "2276"]
[Annotator "Koller,Martin"]
[PlyCount "72"]
[TimeControl "240+2"]

1. e4 c5 2. Nf3 d6 3. d4 cxd4 4. Nxd4 Nf6 5. Nc3 a6 6. g3 e6 7. Bg2 Qc7
8. Be3 Be7 9. h3 Bd7 10. g4 h6 11. f4 Nc6 12. Nde2 b5 13. Ng3 Rc8 14. a3 Na5
15. Rf1 Nc4 16. Bc1 Nh7 17. Rf3 O-O 18. b3 Nb6 19. Bb2 Bc6 20. Rd3 a5 21. Rc1
b4 22. Nce2 d5 23. axb4 axb4 24. e5 Bb5 25. Rf3 d4 26. Nxd4 Rfd8 27. c4 bxc3
28. Bxc3 Bc5 29. Bb2 Qe7 30. Bf1 Bxd4 31. Rxc8 Nxc8 32. Bxd4 Qb4+ 33. Rc3 Rxd4
34. Qxd4 Qxd4 35. Rxc8+ Nf8 36. Bxb5 Qb4+ 0-1

[Event "International chess holiday M31"]
[Site "Praha"]
[Date "2013.07.29"]
[Round "3"]
[White "Hansch, Stephen"]
[Black "Rut, Vojtìch"]
[Result "1/2-1/2"]
[ECO "B13"]
[WhiteElo "1980"]
[BlackElo "2105"]
[Annotator "Koller,Martin"]
[PlyCount "58"]
[TimeControl "240+2"]

1. d4 Nf6 2. Nf3 c5 3. e3 cxd4 4. exd4 d5 5. Bd3 Nc6 6. O-O Bg4 7. c3
e6 8. Nbd2 Qc7 9. Re1 Bd6 10. Nf1 a6 11. Be2 O-O 12. Ne5 Bxe2 13. Qxe2 b5 14.
a3 Nd7 15. Nxd7 Qxd7 16. Qg4 Rac8 17. Bf4 Bxf4 18. Qxf4 Ne7 19. Nd2 Ng6 20. Qg4
Qe7 21. h4 Qxh4 22. Qxh4 Nxh4 23. Re3 Ng6 24. g3 Ne7 25. Nb3 Nf5 26. Ree1 Rc6
27. Nc5 a5 28. Kg2 Rb8 29. Kh3 g6 1/2-1/2

[Event "International chess holiday M31"]
[Site "Praha"]
[Date "2013.07.30"]
[Round "4"]
[White "Hansch, Karsten Stendal"]
[Black "Knechtel, Roland"]
[Result "1/2-1/2"]
[ECO "A14"]
[WhiteElo "2141"]
[BlackElo "2221"]
[Annotator "Koller,Martin"]
[PlyCount "96"]
[TimeControl "240+2"]

1. c4 e6 2. g3 d5 3. Bg2 Nf6 4. Nf3 Be7 5. O-O O-O 6. b3 b6 7. Bb2 Bb7
8. e3 dxc4 9. bxc4 c5 10. Qe2 Nc6 11. Nc3 Nb4 12. d4 cxd4 13. exd4 Rc8 14. a3
Nc6 15. Rad1 Na5 16. d5 exd5 17. Nxd5 Nxd5 18. cxd5 Nc4 19. Ne5 Nxb2 20. Qxb2
Bf6 21. f4 Qd6 22. Rfe1 Rc5 23. Qb3 Ba6 24. Qa4 b5 25. Qb4 Bd8 26. Kh1 Bb6 27.
Nc6 Bb7 28. Qe4 a5 29. Qe7 Qxe7 30. Rxe7 Ba8 31. Ne5 Rfc8 32. Nc6 g6 33. Re2
Kf8 34. Rb2 Re8 35. Ne5 Rd8 36. Rbd2 f6 37. Ng4 Kf7 38. d6 Bxg2+ 39. Kxg2 h5
40. Nf2 Rc4 41. Re2 Rd7 42. Rd5 Rc5 43. Rd3 Rc6 44. Ne4 Bd8 45. Rb2 f5 46. Ng5+
Bxg5 47. fxg5 Rb6 48. Rd5 Rbxd6 1/2-1/2

[Event "International chess holiday M31"]
[Site "Praha"]
[Date "2013.07.30"]
[Round "4"]
[White "Gregor, Jiøí"]
[Black "Hansch, Stephan"]
[Result "1/2-1/2"]
[ECO "D61"]
[WhiteElo "2276"]
[BlackElo "1980"]
[Annotator "Koller,Martin"]
[PlyCount "85"]
[TimeControl "240+2"]

1. d4 d5 2. c4 e6 3. Nc3 Nf6 4. Nf3 Be7 5. Bg5 O-O 6. e3 Nbd7 7. Qc2 c6
8. a3 a6 9. Bd3 dxc4 10. Bxc4 Nd5 11. Bxe7 Qxe7 12. Ne4 Re8 13. Rd1 N5f6 14.
Ng3 b5 15. Ba2 c5 16. O-O Bb7 17. e4 cxd4 18. Nxd4 Rac8 19. Qe2 Nc5 20. Bb1
Red8 21. e5 Nd5 22. f4 Qh4 23. Qf2 Qe7 24. f5 exf5 25. Ndxf5 Qf8 26. Nd6 Rc7
27. Rc1 Rxd6 28. exd6 Qxd6 29. Nf5 Qf8 30. Qg3 Rd7 31. Nxg7 Qxg7 32. Qxg7+ Kxg7
33. Rxc5 Ne3 34. Re1 Nxg2 35. Rg5+ Kh6 36. Rxg2 Bxg2 37. Kxg2 Rd2+ 38. Kg1 Rxb2
39. a4 bxa4 40. Bd3 a3 41. Bxa6 a2 42. Bd3 Kg7 43. h3 1/2-1/2

[Event "International chess holiday M31"]
[Site "Praha"]
[Date "2013.07.30"]
[Round "4"]
[White "Chladný, Roman"]
[Black "Rùt, Vojtìch"]
[Result "1/2-1/2"]
[ECO "B33"]
[WhiteElo "2088"]
[BlackElo "2105"]
[Annotator "Koller,Martin"]
[PlyCount "80"]
[TimeControl "240+2"]

1. e4 c5 2. Nf3 Nc6 3. d4 cxd4 4. Nxd4 Nf6 5. Nc3 e5 6. Ndb5 d6 7. Bg5
a6 8. Na3 b5 9. Nd5 Be7 10. Bxf6 Bxf6 11. c3 Bg5 12. Nc2 Rb8 13. b4 O-O 14. Bd3
Ne7 15. Nce3 Nxd5 16. Nxd5 Be6 17. O-O f5 18. Bc2 f4 19. f3 Kh8 20. a4 Rc8 21.
axb5 axb5 22. Qd3 Bxd5 23. exd5 Qb6+ 24. Kh1 g6 25. Ra5 Qc7 26. Qxb5 Qxc3 27.
Be4 Rc7 28. Ra6 Qc4 29. Qxc4 Rxc4 30. Rxd6 Rxb4 31. Rd7 Rd8 32. Rc7 Rb6 33. Ra1
Rdb8 34. h4 Bd8 35. Rd7 Bxh4 36. Kh2 R6b7 37. Ra7 Rxa7 38. Rxa7 Rd8 39. Kh3 Bf6
40. Kg4 Kg8 1/2-1/2

[Event "International chess holiday M31"]
[Site "Praha"]
[Date "2013.07.30"]
[Round "4"]
[White "Hanko, Pavol"]
[Black "Ljuboschiz, Alexander"]
[Result "0-1"]
[ECO "E92"]
[WhiteElo "2154"]
[BlackElo "2167"]
[Annotator "Koller,Martin"]
[PlyCount "75"]
[TimeControl "240+2"]

1. d4 Nf6 2. Nf3 g6 3. c4 Bg7 4. Nc3 O-O 5. e4 d6 6. Be2 e5 7. Be3 Qe7
8. d5 a5 9. b3 Na6 10. a3 Bd7 11. O-O Ng4 12. Bg5 f6 13. Bd2 Nh6 14. Qb1 Nf7
15. b4 f5 16. Rc1 b6 17. Bd3 f4 18. Nb5 g5 19. bxa5 g4 20. Ne1 bxa5 21. Bxa5
Nc5 22. Bxc7 Bxb5 23. Bxd6 Qxd6 24. cxb5 g3 25. Qb4 gxf2+ 26. Kxf2 Rfc8 27. b6
Rab8 28. Rcb1 Bf8 29. Qb2 Na4 30. Qe2 Nxb6 31. a4 Nd7 32. Bb5 Nc5 33. Nf3 Qg6
34. Nd2 Nd6 35. Bd3 Rxb1 36. Bxb1 Rb8 37. a5 Be7 38. a6 {neèitelné} 0-1

[Event "International chess holiday M31"]
[Site "Praha"]
[Date "2013.07.30"]
[Round "4"]
[White "Spindler, Markus"]
[Black "Staufenberger, Bernd"]
[Result "0-1"]
[ECO "B03"]
[WhiteElo "2067"]
[BlackElo "2062"]
[Annotator "Koller,Martin"]
[PlyCount "87"]
[TimeControl "240+2"]

1. e4 Nf6 2. e5 Nd5 3. d4 d6 4. exd6 exd6 5. Bc4 Nf6 6. Nf3 Be7 7. O-O
O-O 8. Be3 Bg4 9. Nbd2 Nc6 10. c3 d5 11. Bd3 a6 12. Qc2 Bh5 13. Rfe1 Bg6 14.
Bxg6 hxg6 15. Ne5 Nxe5 16. dxe5 Ng4 17. Nf3 Qd7 18. Bf4 Bc5 19. Nd4 Bxd4 20.
cxd4 Rae8 21. h3 Nh6 22. Rac1 c6 23. Qd3 Qf5 24. Qe3 Kh7 25. g4 Qe6 26. Qd2 Rh8
27. f3 Ref8 28. Bg5 Re8 29. Kf1 Rc8 30. Rc3 Rc7 31. a4 Rhc8 32. Qf2 b6 33. Be3
Qe7 34. e6 fxe6 35. Bf4 Rb7 36. Rce3 Re8 37. Qg3 Nf7 38. h4 c5 39. dxc5 bxc5
40. R1e2 Qf6 41. g5 Qf5 42. Qg4 Qxg4 43. fxg4 Rb4 44. Rf2 neèitelné 0-1